 Dungeon Crawl Stone Soup version 0.17-a0-1946-gfb768fe (webtiles) character file.

539 Aarh the Covert (level 7, -1/41 HPs)
             Began as a Kobold Assassin on Oct 1, 2015.
             Slain by an orc priest
             ... wielding a +0 hand axe
              (5 damage)
             ... on level 8 of the Dungeon.
             The game lasted 00:27:12 (3065 turns).

Aarh the Covert (Kobold Assassin)                   Turns: 3065, Time: 00:27:12

Health: -1/41      AC:  4    Str: 11    XL:     7   Next: 51%
Magic:  8/8        EV: 16    Int:  9    God:
Gold:   165        SH:  0    Dex: 18    Spells: 0 memorised, 6 levels left

rFire  . . .     SeeInvis .     w - +0 war axe
rCold  . . .     Clarity  .     x - +0 leather armour
rNeg   . . .     SustAt   .     (shield restricted)
rPois  .         Gourm    .     (no helmet)
rElec  .         Spirit   .     o - +0 cloak
rCorr  .         Warding  .     (no gloves)
rMut   .         Stasis   .     (no boots)
MR     .....                    (no amulet)
Stlth  ++++......               (no ring)
                                (no ring)

@: not resistant to hostile enchantments, stealthy
A: carnivore 3
a: no special abilities


You were on level 8 of the Dungeon.
You were very full.

You visited 1 branch of the dungeon, and saw 10 of its levels.

You collected 165 gold pieces.

Inventory:

Hand weapons
 a - a +2 dagger
 b - a +0 blowgun
 d - a +1 dagger of speed
   (You took it off a goblin on level 2 of the Dungeon)
 m - a +0 whip
   (You took it off a kobold on level 1 of the Dungeon)
 w - a +0 war axe (weapon)
   (You found it on level 2 of the Dungeon)
 C - a +0 flail
   (You took it off an orc on level 4 of the Dungeon)
Missiles
 e - 19 poisoned needles
 f - 2 curare-tipped needles
 h - 146 stones (quivered)
 y - 64 sling bullets
 D - 2 throwing nets
 E - 8 bolts
Armour
 c - a +0 robe
 o - a +0 cloak (worn)
   (You found it on level 5 of the Dungeon)
 p - a +0 cloak
 x - a +0 leather armour (worn)
   (You found it on level 9 of the Dungeon)
 B - a +0 ring mail
   (You found it on level 4 of the Dungeon)
Jewellery
 u - an uncursed ring of protection from magic {unknown}
   (You found it on level 2 of the Dungeon)
Magical devices
 r - a wand of flame (27)
   (You found it on level 8 of the Dungeon)
 H - a wand of frost (48)
   (You found it on level 5 of the Dungeon)
Scrolls
 k - 2 scrolls of identify
 t - a scroll of amnesia
 v - a scroll of fog {unknown}
 I - a scroll of enchant weapon {unknown}
Potions
 i - a potion of might {unknown}
 j - a potion of curing {unknown}
 l - a potion of degeneration {unknown}
 n - a potion of heal wounds {unknown}
 q - a potion of flight {unknown}
 s - a potion of agility {unknown}
 F - a potion of mutation {unknown}
Comestibles
 g - 2 meat rations
 z - a beef jerky


   Skills:
 * Level 3.5 Fighting
 * Level 4.3 Short Blades
 * Level 0.6 Axes
 * Level 4.2 Throwing
 * Level 3.7 Dodging
 + Level 8.3 Stealth
 * Level 2.1 Evocations


You had 6 spell levels left.
You didn't know any spells.

Dungeon Overview and Level Annotations

Branches:
Dungeon (10/15)
 Temple: D:4-7         Lair: D:8-11         Orc: D:9-12

Altars:
Elyvilon
Qazlal

Annotations:
D:8 exclusion: upstairs, Joseph
D:9 achirane's ghost, experienced TrTm


Innate Abilities, Weirdness & Mutations

You are small and have problems with some larger weapons.
You are carnivorous and can eat meat at any time.


Message History

You see here a poisoned needle.
An orc priest comes into view.
The orc priest moves out of view.
You see here 2 poisoned needles.
Found a slice of pizza.
An orc wizard comes into view. It is wielding a dagger.
You see here a poisoned needle.
You completely miss the orc priest.
The orc priest shouts!
The orc wizard shouts!
The orc priest shouts!
You hit the orc priest.
The orc priest is moderately wounded.
The orc priest hits you but does no damage.
The orc priest calls down the wrath of Beogh upon you.
Something smites you!
You hit the orc priest.
The orc priest is moderately wounded.
You hit the orc priest.
The orc priest is heavily wounded.
The orc priest invokes the aid of Beogh against you.
Pain shoots through your body!
* * * LOW HITPOINT WARNING * * *
The orc priest invokes the aid of Beogh against you.
You struggle to resist.
Read which item? (? for menu, Esc to quit)
Okay, then.
Wield which item (- for none, * to show all)? (? for menu, Esc to quit)
w - a +0 war axe (weapon)
You hit the orc priest but do no damage.
The orc priest is heavily wounded.
The orc priest completely misses you. The orc priest misses you.
The orc priest completely misses you.
You barely miss the orc priest.
The orc priest is heavily wounded.
You hit the orc priest but do no damage.
The orc priest barely misses you.
The orc priest hits you with a hand axe.
* * * LOW HITPOINT WARNING * * *
You barely miss the orc priest.
The orc priest is heavily wounded.
You barely miss the orc priest. The orc priest barely misses you.
The orc priest hits you with a hand axe.
* * * LOW HITPOINT WARNING * * *
The orc wizard casts a spell.
The orc wizard flickers and vanishes!
Deactivating autopickup; reactivate with Ctrl-A.
You slash the orc priest!
You kill the orc priest!
You closely miss the orc priest.
The orc priest hits you with a hand axe.
You die...

#.# #.# #.# #### #.#
.... #.# #############
#)#.......$......
########(........#######
......o(########
#######@# #..{.# ###..#
..# ... ##.# ... ##


You could see an orc priest.

Vanquished Creatures
  Monster Symbol All 'J'
  An ooze (D:1)
1 creature vanquished. All 'K' 4 kobolds (D:1 D:2 D:9)
4 creatures vanquished. All 'S' A water moccasin (D:7) 2 adders (D:5 D:9) 2 ball pythons (D:2 D:4)
5 creatures vanquished. All 'W' A phantom (D:6)
1 creature vanquished. All 'Y' An ice beast (D:9)
1 creature vanquished. All 'Z' A giant frog zombie (D:6) A killer bee zombie (D:6) A jackal skeleton (D:5) A quokka zombie (D:5)
4 creatures vanquished. All 'b' 7 bats (D:1 D:2)
7 creatures vanquished. All 'g' 4 hobgoblins (D:1 D:2) 5 goblins (D:1 D:2)
9 creatures vanquished. All 'h' A hound (D:5)
1 creature vanquished. All 'l' 2 iguanas (D:6) A giant gecko (D:1) 4 giant newts (D:1 D:3)
7 creatures vanquished. All 'o' 2 orc priests (D:8) 2 orcs (D:4 D:5)
4 creatures vanquished. All 'r' A quokka (D:2) 2 rats (D:1 D:2)
3 creatures vanquished. All 's' 4 giant cockroaches (D:1 D:5)
4 creatures vanquished. All 'w' 3 worms (D:2 D:4)
3 creatures vanquished.
54 creatures vanquished. Monster Nature Natural Monsters A water moccasin (D:7) An ice beast (D:9) A hound (D:5) 2 orc priests (D:8) 2 iguanas (D:6) 2 adders (D:5 D:9) An ooze (D:1) 3 worms (D:2 D:4) 2 orcs (D:4 D:5) 4 hobgoblins (D:1 D:2) 4 kobolds (D:1 D:2 D:9) A quokka (D:2) 2 ball pythons (D:2 D:4) 7 bats (D:1 D:2) 4 giant cockroaches (D:1 D:5) A giant gecko (D:1) 4 giant newts (D:1 D:3) 5 goblins (D:1 D:2) 2 rats (D:1 D:2)
49 creatures vanquished. Undead Monsters A phantom (D:6) A giant frog zombie (D:6) A killer bee zombie (D:6) A jackal skeleton (D:5) A quokka zombie (D:5)
5 creatures vanquished.
54 creatures vanquished. Ascending Order A water moccasin (D:7) A phantom (D:6) An ice beast (D:9) A giant frog zombie (D:6) A hound (D:5) A killer bee zombie (D:6) An ooze (D:1) A quokka (D:2) A jackal skeleton (D:5) A giant gecko (D:1) A quokka zombie (D:5) 2 orc priests (D:8) 2 iguanas (D:6) 2 adders (D:5 D:9) 2 orcs (D:4 D:5) 2 ball pythons (D:2 D:4) 2 rats (D:1 D:2) 3 worms (D:2 D:4) 4 kobolds (D:1 D:2 D:9) 4 hobgoblins (D:1 D:2) 4 giant cockroaches (D:1 D:5) 4 giant newts (D:1 D:3) 5 goblins (D:1 D:2) 7 bats (D:1 D:2)
54 creatures vanquished.

Notes
Turn   | Place    | Note
--------------------------------------------------------------
     0 | D:1      | Aarh the Kobold Assassin began the quest for the Orb.
     0 | D:1      | Reached XP level 1. HP: 12/12 MP: 1/1
    88 | D:1      | Reached XP level 2. HP: 17/17 MP: 2/2
   170 | D:1      | Reached skill level 3 in Short Blades
   205 | D:1      | Reached skill level 6 in Stealth
   205 | D:1      | Reached XP level 3. HP: 18/22 MP: 3/3
   318 | D:1      | Reached skill level 3 in Throwing
  1088 | D:5      | Entered Level 5 of the Dungeon
  1315 | D:4      | Found a white marble altar of Elyvilon.
  1418 | D:4      | Reached XP level 4. HP: 27/27 MP: 4/4
  1583 | D:5      | Noticed an ogre
  1868 | D:6      | Found a stormy altar of Qazlal.
  1868 | D:6      | Noticed a necrophage
  1868 | D:6      | Noticed a phantom
  1870 | D:6      | Killed a phantom
  1870 | D:6      | Reached skill level 2 in Dodging
  1870 | D:6      | Reached skill level 7 in Stealth
  1870 | D:6      | Reached XP level 5. HP: 31/31 MP: 5/5
  2090 | D:6      | Reached skill level 4 in Short Blades
  2090 | D:6      | Reached XP level 6. HP: 36/36 MP: 6/6
  2116 | D:6      | Reached skill level 1 in Evocations
  2152 | D:6      | HP: 5/36 [iguana (12)]
  2154 | D:6      | Reached skill level 4 in Throwing
  2449 | D:6      | Reached skill level 3 in Dodging
  2518 | D:7      | Noticed a water moccasin
  2519 | D:7      | Killed a water moccasin
  2519 | D:7      | Reached skill level 3 in Fighting
  2519 | D:7      | Reached skill level 8 in Stealth
  2519 | D:7      | Reached XP level 7. HP: 39/41 MP: 8/8
  2541 | D:7      | Noticed a hippogriff
  2548 | D:7      | Noticed an orc warrior
  2553 | D:8      | HP: 6/41 [hippogriff (6)]
  2905 | D:8      | Noticed Joseph
  2952 | D:9      | Noticed achirane's ghost (experienced TrTm)
  2965 | D:9      | Reached skill level 2 in Evocations
  2992 | D:10     | Entered Level 10 of the Dungeon
  3063 | D:8      | HP: 6/41 [orc priest/hand axe (6)]
  3065 | D:8      | Slain by an orc priest

Vault maps used:
D:1:      dpeg_arrival_chase
D:3:      kennysheep_potato
D:4:      elyvilon_altar_4
D:5:      first_bread
D:6:      grunt_qazlal_clouds, nicolae_ru_the_path_less_chosen, minivault_14
D:7:      temple_doors_a, minmay_holes
D:8:      nicolae_ashenzari_panopticon, uniq_joseph
D:9:      hangedman_cross_stitches, kennysheep_mini,
          lemuel_coloured_pillars_altar, tgw_sif, hangedman_little_slice_of_home
D:10:     lemuel_bear_cage

Action                   |  1- 3 |  4- 6 |  7- 9 || total
-------------------------+-------+-------+-------++-------
Melee: Dagger            |    83 |    60 |    12 ||   155
       War axe           |       |     2 |     4 ||     6
 Fire: Blowgun           |     8 |     6 |     4 ||    18
  Use: Scroll            |       |     8 |     7 ||    15
 Stab: Sleeping          |    17 |     4 |     3 ||    24
       Fleeing           |       |       |     1 ||     1
  Eat: Chunk             |     5 |     7 |     1 ||    13
Dungeon Crawl Stone Soup version 0.17-a0-1946-gfb768fe (webtiles) character file. 539 Aarh the Covert (level 7, -1/41 HPs) Began as a Kobold Assassin on Oct 1, 2015. Slain by an orc priest ... wielding a +0 hand axe (5 damage) ... on level 8 of the Dungeon. The game lasted 00:27:12 (3065 turns). Dungeon Overview and Level Annotations Branches: Dungeon (10/15) Temple: D:4-7 Lair: D:8-11 Orc: D:9-12 Altars: Elyvilon Qazlal Annotations: D:8 exclusion: upstairs, Joseph D:9 achirane's ghost, experienced TrTm Aarh the Covert (Kobold Assassin) Turns: 3065, Time: 00:27:12 Health: -1/41 AC: 4 Str: 11 XL: 7 Next: 51% Magic: 8/8 EV: 16 Int: 9 God: Gold: 165 SH: 0 Dex: 18 Spells: 0 memorised, 6 levels left rFire . . . SeeInvis . w - +0 war axe rCold . . . Clarity . x - +0 leather armour rNeg . . . SustAt . (shield restricted) rPois . Gourm . (no helmet) rElec . Spirit . o - +0 cloak rCorr . Warding . (no gloves) rMut . Stasis . (no boots) MR ..... (no amulet) Stlth ++++...... (no ring) (no ring) @: not resistant to hostile enchantments, stealthy A: carnivore 3 a: no special abilities Innate Abilities, Weirdness & Mutations You are small and have problems with some larger weapons. You are carnivorous and can eat meat at any time. Skills: * Level 3.5 Fighting * Level 4.3 Short Blades * Level 0.6 Axes * Level 4.2 Throwing * Level 3.7 Dodging + Level 8.3 Stealth * Level 2.1 Evocations You had 6 spell levels left. You didn't know any spells. You were on level 8 of the Dungeon. You were very full. You visited 1 branch of the dungeon, and saw 10 of its levels. You collected 165 gold pieces. You could see an orc priest. Message History You see here a poisoned needle. An orc priest comes into view. The orc priest moves out of view. You see here 2 poisoned needles. Found a slice of pizza. An orc wizard comes into view. It is wielding a dagger. You see here a poisoned needle. You completely miss the orc priest. The orc priest shouts! The orc wizard shouts! The orc priest shouts! You hit the orc priest. The orc priest is moderately wounded. The orc priest hits you but does no damage. The orc priest calls down the wrath of Beogh upon you. Something smites you! You hit the orc priest. The orc priest is moderately wounded. You hit the orc priest. The orc priest is heavily wounded. The orc priest invokes the aid of Beogh against you. Pain shoots through your body! * * * LOW HITPOINT WARNING * * * The orc priest invokes the aid of Beogh against you. You struggle to resist. Read which item? (? for menu, Esc to quit) Okay, then. Wield which item (- for none, * to show all)? (? for menu, Esc to quit) w - a +0 war axe (weapon) You hit the orc priest but do no damage. The orc priest is heavily wounded. The orc priest completely misses you. The orc priest misses you. The orc priest completely misses you. You barely miss the orc priest. The orc priest is heavily wounded. You hit the orc priest but do no damage. The orc priest barely misses you. The orc priest hits you with a hand axe. * * * LOW HITPOINT WARNING * * * You barely miss the orc priest. The orc priest is heavily wounded. You barely miss the orc priest. The orc priest barely misses you. The orc priest hits you with a hand axe. * * * LOW HITPOINT WARNING * * * The orc wizard casts a spell. The orc wizard flickers and vanishes! Deactivating autopickup; reactivate with Ctrl-A. You slash the orc priest! You kill the orc priest! You closely miss the orc priest. The orc priest hits you with a hand axe. You die...

Action                   |  1- 3 |  4- 6 |  7- 9 || total
-------------------------+-------+-------+-------++-------
Melee: Dagger            |    83 |    60 |    12 ||   155
       War axe           |       |     2 |     4 ||     6
 Fire: Blowgun           |     8 |     6 |     4 ||    18
  Use: Scroll            |       |     8 |     7 ||    15
 Stab: Sleeping          |    17 |     4 |     3 ||    24
       Fleeing           |       |       |     1 ||     1
  Eat: Chunk             |     5 |     7 |     1 ||    13
Notes Turn | Place | Note -------------------------------------------------------------- 0 | D:1 | Aarh the Kobold Assassin began the quest for the Orb. 0 | D:1 | Reached XP level 1. HP: 12/12 MP: 1/1 88 | D:1 | Reached XP level 2. HP: 17/17 MP: 2/2 170 | D:1 | Reached skill level 3 in Short Blades 205 | D:1 | Reached skill level 6 in Stealth 205 | D:1 | Reached XP level 3. HP: 18/22 MP: 3/3 318 | D:1 | Reached skill level 3 in Throwing 1088 | D:5 | Entered Level 5 of the Dungeon 1315 | D:4 | Found a white marble altar of Elyvilon. 1418 | D:4 | Reached XP level 4. HP: 27/27 MP: 4/4 1583 | D:5 | Noticed an ogre 1868 | D:6 | Found a stormy altar of Qazlal. 1868 | D:6 | Noticed a necrophage 1868 | D:6 | Noticed a phantom 1870 | D:6 | Killed a phantom 1870 | D:6 | Reached skill level 2 in Dodging 1870 | D:6 | Reached skill level 7 in Stealth 1870 | D:6 | Reached XP level 5. HP: 31/31 MP: 5/5 2090 | D:6 | Reached skill level 4 in Short Blades 2090 | D:6 | Reached XP level 6. HP: 36/36 MP: 6/6 2116 | D:6 | Reached skill level 1 in Evocations 2152 | D:6 | HP: 5/36 [iguana (12)] 2154 | D:6 | Reached skill level 4 in Throwing 2449 | D:6 | Reached skill level 3 in Dodging 2518 | D:7 | Noticed a water moccasin 2519 | D:7 | Killed a water moccasin 2519 | D:7 | Reached skill level 3 in Fighting 2519 | D:7 | Reached skill level 8 in Stealth 2519 | D:7 | Reached XP level 7. HP: 39/41 MP: 8/8 2541 | D:7 | Noticed a hippogriff 2548 | D:7 | Noticed an orc warrior 2553 | D:8 | HP: 6/41 [hippogriff (6)] 2905 | D:8 | Noticed Joseph 2952 | D:9 | Noticed achirane's ghost (experienced TrTm) 2965 | D:9 | Reached skill level 2 in Evocations 2992 | D:10 | Entered Level 10 of the Dungeon 3063 | D:8 | HP: 6/41 [orc priest/hand axe (6)] 3065 | D:8 | Slain by an orc priest

Table legend:
 A = Turns spent in this place as a percentage of turns spent in the entire game.
 B = Non-inter-level travel turns spent in this place as a percentage of non-inter-level travel turns spent in the entire game.
 C = Inter-level travel turns spent in this place as a percentage of turns spent in this place.
 D = Turns resting spent in this place as a percentage of non-inter-level travel turns spent in this place.
 E = Turns spent auto-exploring this place as a percentage of non-inter-level travel turns spent in this place.
 F = Non-inter-level travel turns spent in this place divided by the number of levels of this place that you've seen.
                   A       B       C       D       E      F
               +-------+-------+-------+-------+-------+----------------------
         Total | 100.0 | 100.0 |   0.0 |   1.4 |   3.3 | 148.1
       Dungeon | 100.0 | 100.0 |   0.0 |   1.4 |   3.3 | 148.1
               +-------+-------+-------+-------+-------+----------------------

Table legend:
 A = Kills in this place as a percentage of kills in entire the game.
 B = Kills by you in this place as a percentage of kills by you in the entire game.
 C = Kills by friends in this place as a percentage of kills by friends in the entire game.
 D = Other kills in this place as a percentage of other kills in the entire game.
 E = Experience gained in this place as a percentage of experience gained in the entire game.
 F = Experience gained in this place divided by the number of levels of this place that you have seen.
                   A       B       C       D       E      F
               +-------+-------+-------+-------+-------+----------------------
         Total | 100.0 | 100.0 |  -nan |  -nan | 100.0 |  77.1
       Dungeon | 100.0 | 100.0 |  -nan |  -nan | 100.0 |  77.1
               +-------+-------+-------+-------+-------+----------------------

Vault maps used:
D:1:      dpeg_arrival_chase
D:3:      kennysheep_potato
D:4:      elyvilon_altar_4
D:5:      first_bread
D:6:      grunt_qazlal_clouds, nicolae_ru_the_path_less_chosen, minivault_14
D:7:      temple_doors_a, minmay_holes
D:8:      nicolae_ashenzari_panopticon, uniq_joseph
D:9:      hangedman_cross_stitches, kennysheep_mini,
          lemuel_coloured_pillars_altar, tgw_sif, hangedman_little_slice_of_home
D:10:     lemuel_bear_cage
